 Dungeon Crawl Stone Soup version 0.27-a0-906-g0a00ce863d (webtiles) character file.

Game seed: 2649347012225183339

8 Alarkh the Insei (level 2, -3/22 HPs)
             Began as a Demonspawn Gladiator on Apr 7, 2021.
             Slain by a gnoll
             ... wielding a +0 whip
              (6 damage)
             ... on level 1 of the Dungeon.
             The game lasted 00:00:14 (168 turns).

Alarkh the Insei (Demonspawn Gladiator)              Turns: 168, Time: 00:00:15

Health: -3/22      AC:  4    Str: 14    XL:     2   Next: 0%
Magic:  2/2        EV: 12    Int:  9    God:
Gold:   17         SH:  0    Dex: 14    Spells: 1/1 levels left

rFire    . . .     SeeInvis .     - Unarmed
rCold    . . .     Faith    .   (no shield)
rNeg     . . .     Spirit   .   a - +0 leather armour
rPois    .         Reflect  .   b - +0 helmet
rElec    .         Harm     .   (no cloak)
rCorr    .         Rampage  .   (no gloves)
Will     .....                  (no boots)
Stlth    +.........             (no amulet)
HPRegen  0.07/turn              (no ring)
MPRegen  0.08/turn              (no ring)

@: no status effects
A: sturdy frame 1
a: no special abilities


You were on level 1 of the Dungeon.
You visited 1 branch of the dungeon, and saw 1 of its levels.

You collected 17 gold pieces.

Inventory:

Missiles
 c - 3 throwing nets (quivered)
Armour
 a - a +0 leather armour (worn)
 b - a +0 helmet (worn)
Potions
 d - a potion of curing {unknown}


   Skills:
 + Level 2.2 Fighting
 - Level 1.7 Throwing
 - Level 2.6 Dodging
 * Level 3.1 Unarmed Combat


You had one spell level left.
You didn't know any spells.
Your spell library was empty.

Dungeon Overview and Level Annotations

Branches:
Dungeon (1/15)

Altars:


Innate Abilities, Weirdness & Mutations

Your movements are slightly less encumbered by armour. (ER -2)


Message History

The goblin is heavily wounded.
The goblin barely misses you.
You hit the goblin.
You kill the goblin!
A gnoll comes into view. It is wielding a +0 whip.
You have reached level 2!
Your demonic ancestry asserts itself...
You feel less encumbered by your armour.
The gnoll shouts!
You closely miss the gnoll. The gnoll barely misses you.
You hit the gnoll but do no damage. The gnoll hits you with a +0 whip.
You hit the gnoll.
The gnoll is moderately wounded.
You hit the gnoll.
The gnoll is heavily wounded.
The gnoll hits you with a +0 whip.
You closely miss the gnoll.
The gnoll is heavily wounded.
The gnoll hits you with a +0 whip.
You hit the gnoll but do no damage.
The gnoll is heavily wounded.
The gnoll barely misses you.
You closely miss the gnoll.
The gnoll is moderately wounded.
The gnoll hits you with a +0 whip!
* * * LOW HITPOINT WARNING * * *
You are too injured to fight recklessly!
You are too injured to fight recklessly!
You are too injured to fight recklessly!
You are too injured to fight recklessly!
You are too injured to fight recklessly!
You are too injured to fight recklessly!
You are too injured to fight recklessly!
You are too injured to fight recklessly!
You are too injured to fight recklessly!
You are too injured to fight recklessly!
You closely miss the gnoll.
The gnoll is moderately wounded.
The gnoll hits you with a +0 whip.
You die...

#....########.##########.....
#.........)................#.
#..†.########.##########...#.
#....# ####.####### ##..#.
#....# #........... #.†#.
#....#####.#.......#.#####.#.
#....##......))....# #.......
#....##............# #.......
#######.....@.>...## #.....†.
#....!g.....# #####.#.
#...........# #.#.
#............. #...
#............. .......
#........⌠.... .......
#............. ......>
#............. .......
.......


You could see a gnoll.

Vanquished Creatures
  A giant cockroach (D:1)
  2 goblins (D:1)
  A hobgoblin (D:1)
  A ball python (D:1)
  A bat (D:1)
  A kobold (D:1)
  A rat (D:1)
8 creatures vanquished.

Notes
Turn   | Place    | Note
-------+----------+-------------------------------------------
     0 | D:1      | Alarkh the Demonspawn Gladiator began the quest for the
                  | Orb.
     0 | D:1      | Reached XP level 1. HP: 16/16 MP: 1/1
   126 | D:1      | Reached skill level 3 in Unarmed Combat
   158 | D:1      | Gained mutation: Your movements are slightly less
                  | encumbered by armour. (ER -2) [demonic ancestry]
   158 | D:1      | Reached XP level 2. HP: 19/22 MP: 2/2
   168 | D:1      | Slain by a gnoll

Illustrated notes

Levels and vault maps discovered:
D:1:      mrwooster_arrival_arrow, layout_basic, solitary_fountain

Skill      XL: |  1 |
---------------+----+-----
Unarmed Combat | 3 |  3.1
Fighting       | |  2.2
Throwing       | |  1.7
Dodging        | |  2.6

Action                   || total
-------------------------++-------
Melee: Unarmed           ||    35
Armor: Leather armour    ||    10
Dodge: Dodged            ||    18

Table legend: (Time is in decaauts)
 A = Elapsed time spent in this place.
 B = Non-inter-level travel time spent in this place.
 C = Inter-level travel time spent in this place.
 D = Time resting spent in this place.
 E = Time spent auto-exploring this place.
 F = Levels seen in this place.
 G = Mean time per level.
                   A        B        C        D        E       F      G
               +--------+--------+--------+--------+--------+-----+--------+
         Total |    166 |    166 |      0 |      0 |    107 |   1 |  166.0 |
       Dungeon |    166 |    166 |      0 |      0 |    107 |   1 |  166.0 |
               +--------+--------+--------+--------+--------+-----+--------+

Top non-repeatable levels by time:
     D:1: 166 daAuts
